 Dungeon Crawl Stone Soup version 0.27-a0-1612-gde56a17b89 (webtiles) character file.

Game seed: 7156889664139370836

47 Spectrina the Insei (level 3, 0/30 HPs)
             Began as a Djinni Monk on July 21, 2021.
             Was a Priest of the Shining One.
             Slain by an iguana (9 damage)
             ... on level 4 of the Dungeon on July 22, 2021.
             The game lasted 00:09:29 (1022 turns).

Spectrina the Insei (Djinni Monk)                   Turns: 1022, Time: 00:09:30

Health: 0/30       AC:  8    Str: 11    XL:     3   Next: 97%
Gold:   88         EV:  5    Int: 11    God:    the Shining One [***...] SH:  0 Dex: 15

rFire    + + .     SeeInvis .     - Unarmed
rCold    x . .     Faith    .   (no shield)
rNeg     + + .     Spirit   .   h - +0 chain mail
rPois    ∞         Reflect  .   (no helmet)
rElec    .         Harm     .   (no cloak)
rCorr    .         Rampage  .   (no gloves)
Will     .....                  (boots unavailable)
Stlth    ..........             (no amulet)
HPRegen  0.10/turn              b - ring of positive energy
MPRegen  0.00/turn              (no ring)

@: flying, glowing
A: sickness immunity, fire resistance 2, cold vulnerability 1, float, innate
caster, hp casting, extra vitality 1
a: Renounce Religion, Divine Shield


You were on level 4 of the Dungeon.
You worshipped the Shining One.
The Shining One was most pleased with you.
You visited 1 branch of the dungeon, and saw 4 of its levels.

You collected 88 gold pieces.

Inventory:

Missiles
 c - 38 sling bullets
Armour
 a - a +0 robe
 h - a +0 chain mail (worn)
Jewellery
 b - a ring of positive energy (left hand)
Scrolls
 e - 3 scrolls of enchant armour {unknown}
 g - a scroll of magic mapping {unknown}
Potions
 d - 3 potions of curing {unknown}
 f - a potion of heal wounds {unknown}


   Skills:
 - Level 3.0 Fighting
 - Level 3.2 Dodging
 - Level 1.5 Stealth
 + Level 4.5 Unarmed Combat


You had one spell level left.
You knew the following spells:

 Your Spells              Type           Power      Damage    Failure   Level
a - Sandblast             Erth           0%         2d4       100%        1
Your spell library was empty.


Dungeon Overview and Level Annotations

Branches:
Dungeon (4/15)
 Temple: D:4-7

Altars:
Hepliaklqana
The Shining One

Annotations:
D:3 1 runed translucent door, mordus's ghost, amateur DjCj


Innate Abilities, Weirdness & Mutations

You are immune to sickness and miasma.
You are immune to poison.
Your flesh is very heat resistant. (rF++)
You are vulnerable to cold. (rC-)
You float through the air rather than walking.
You learn spells naturally, not from books.
Your magical power is your life essence.
You have superior vitality. (+4 HP)


Message History

Really fly into that dispersal trap?
You enter a dispersal trap!
The iguana blinks! x2
The centaur skeleton blinks! x2; You blink.
Unknown command.
Unknown command.
There is a stone staircase leading up here.
You fly upwards.
Level annotation: 1 runed translucent door, mordus's ghost, amateur DjCj
There is a stone staircase leading down here.
Unknown command.
Unknown command.
Found 16 gold pieces.
You now have 88 gold pieces (gained 16).
There is a stone staircase leading down here.
You fly downwards.
The iguana enters a dispersal trap!
You blink.
A bullfrog zombie comes into view.
Unknown command.
Unknown command.
Unknown command.
Unknown command.
You aren't carrying any items that you can evoke.
Unknown command.
Okay, then.
The iguana bites you.
You hit the iguana.
The iguana is moderately wounded.
The iguana barely misses you.
You hit the iguana.
The iguana is moderately wounded.
The iguana bites you but does no damage.
You hit the iguana but do no damage.
The iguana is moderately wounded.
You hit the iguana.
The iguana is heavily wounded.
The iguana bites you!
* * * LOW HITPOINT WARNING * * *
You hit the iguana.
The iguana is severely wounded.
The iguana bites you!
You die...

#.........
#########.....l..P
........l.........
.......<..........#P.
.......##.####.......
....... #.# ......#
....... #.### .....#
#...... #.l.##....Z
#.##..###..@.#...# #
.......)..#..##...
.......###.........
...... #..##.#.8.
.#.##. #.#.# #. #
.....# # ##.....
#.....# ....###


You could see an iguana.

Vanquished Creatures
  An adder (D:2)
  2 worms
  4 ball pythons
  4 bats
  5 endoplasms
  A giant cockroach (D:1)
  A goblin (D:3)
  4 hobgoblins
  2 quokkas (D:3)
  A frilled lizard (D:3)
  2 kobolds (D:2)
  2 rats (D:2)
29 creatures vanquished.

Notes
Turn   | Place    | Note
-------+----------+-------------------------------------------
     0 | D:1      | Spectrina the Djinni Monk began the quest for the Orb.
     0 | D:1      | Reached XP level 1. HP: 20/20 MP: 0/0
   229 | D:2      | You are sucked into a shaft and drop 1 floor!
   269 | D:3      | Reached XP level 2. HP: 15/25 MP: 0/0
   336 | D:3      | Noticed mordus's ghost (amateur DjCj)
   340 | D:3      | Found a runed translucent door.
   390 | D:3      | Found a faded altar of an unknown god.
   395 | D:3      | Became a worshipper of the Shining One
   395 | D:3      | Reached * piety under the Shining One
   395 | D:3      | Reached ** piety under the Shining One
   470 | D:2      | Found a hazy altar of Hepliaklqana.
   535 | D:2      | Reached skill level 4 in Unarmed Combat
   535 | D:2      | Reached XP level 3. HP: 24/30 MP: 0/0
   535 | D:2      | Learned a level 1 spell: Sandblast
   571 | D:2      | Reached *** piety under the Shining One
  1022 | D:4      | Slain by an iguana

Illustrated notes

Levels and vault maps discovered:
D:1:      nzn_arrival_crosshair, layout_basic
D:2:      layout_basic, basic_altar, st_stairs_10, minmay_puff
D:3:      layout_basic, hellmonk_ghost_happy_afterlife,
          ebering_ecumenical_altar_hall
D:4:      layout_cave_pools, minmay_temple_entry_gardened_gates, serial_shops,
          nicolae_lakefront_shop, shop, nicolae_shop_statue_plus,
          kennysheep_little_box, minmay_misc_feat_diagonals,
          minmay_stone_trees_small, st_stairs_10, minivault_25,
          uniq_crazy_yiuf_cottage, uniq_robin

Skill      XL: |  1  2 |
---------------+-------+-----
Unarmed Combat | 4 |  4.5
Fighting       | |  3.0
Dodging        | |  3.2
Stealth        | |  1.5

Action                   || total
-------------------------++-------
Melee: Unarmed           ||   106
 Stab: Sleeping          ||     1
Armor: Robe              ||    15
       Chain mail        ||     7
Dodge: Dodged            ||    56

Table legend: (Time is in decaauts)
 A = Elapsed time spent in this place.
 B = Non-inter-level travel time spent in this place.
 C = Inter-level travel time spent in this place.
 D = Time resting spent in this place.
 E = Time spent auto-exploring this place.
 F = Levels seen in this place.
 G = Mean time per level.
                   A        B        C        D        E       F      G
               +--------+--------+--------+--------+--------+-----+--------+
         Total |   1018 |    953 |     65 |      0 |      0 |   4 |  254.5 |
       Dungeon |   1018 |    953 |     65 |      0 |      0 |   4 |  254.5 |
               +--------+--------+--------+--------+--------+-----+--------+

Top non-repeatable levels by time:
     D:3: 520 daAuts
     D:2: 407 daAuts
     D:1: 64 daAuts
     D:4: 26 daAuts
